 Dungeon Crawl Stone Soup version 0.29-a0-375-g5102b3be25 (webtiles) character file.

Game seed: 9266025050991310967

2729 holysushi the Nimble (level 9, -6/87 HPs)
             Began as a Kobold Monk on May 4, 2022.
             Was an Initiate of Gozag.
             Mangled by a centaur warrior (11 damage)
             ... on level 8 of the Dungeon.
             The game lasted 00:09:26 (10026 turns).

holysushi the Nimble (Kobold Monk)                 Turns: 10026, Time: 00:09:26

Health: -6/87      AC: 24    Str:  8    XL:     9   Next: 99%
Magic:  9/9        EV:  3    Int: 12    God:    Gozag
Gold:   478        SH:  0    Dex: 21    Spells: 8/8 levels left

rFire   . . .      SeeInvis .   o - +2 dagger (holy)
rCold   . . .      Faith    .   (no shield)
rNeg    . . .      Spirit   .   (body armour currently unavailable)
rPois   +          Reflect  .   (helmet currently unavailable)
rElec   .          Harm     .   (cloak currently unavailable)
rCorr   .          Rampage  .   (gloves currently unavailable)
Will    +....      NoTele   +   (boots currently unavailable)
Stlth   +++++.....              (no amulet)
HPRegen 0.24/turn               h - +4 ring of slaying
MPRegen 0.11/turn               i - ring of willpower

@: tree-form, invisible
A: stationary, stasis, torment immunity, boosted hp, small, no large weapons,
nightstalker 3
a: Renounce Religion, Potion Petition, Call Merchant, Bribe Branch


You were on level 8 of the Dungeon.
You worshipped Gozag.
Gozag was aware of your devotion.
You were a tree.
You visited 2 branches of the dungeon, and saw 9 of its levels.

You collected 478 gold pieces.

Inventory:

Hand Weapons
 a - a +0 short sword
 o - a +2 dagger of holy wrath (weapon)
Armour
 b - a +0 robe (melded)
 l - a +0 helmet (melded)
 u - a +1 pair of boots (melded)
 w - a +0 cloak (melded)
Jewellery
 h - a +4 ring of slaying (left branch)
 i - a ring of willpower (right branch)
 A - a ring of protection from cold
Wands
 z - a wand of paralysis (4)
 C - a wand of acid (8)
Scrolls
 d - 5 scrolls of teleportation {unknown}
 e - 4 scrolls of identify {unknown}
 g - 3 scrolls of immolation {unknown}
 j - 2 scrolls of vulnerability {unknown}
 m - a scroll of enchant armour {unknown}
 n - a scroll of brand weapon {unknown}
 q - a scroll of amnesia {unknown}
 s - a scroll of acquirement {unknown}
 y - a scroll of noise {unknown}
 E - 3 scrolls of fear {unknown}
Potions
 c - 2 potions of ambrosia
 f - a potion of mutation {unknown}
 k - 2 potions of lignification
 p - a potion of heal wounds {unknown}
 r - a potion of invisibility
 t - 2 potions of brilliance {unknown}
 v - a potion of cancellation {unknown}
 x - a potion of flight {unknown}
 B - a potion of haste {unknown}
 D - a potion of resistance {unknown}


   Skills:
 + Level 7.7 Fighting
 + Level 10.0 Short Blades
 * Level 10.1 Dodging
 + Level 6.3 Stealth


You had 8 spell levels left.
You didn't know any spells.
Your spell library contained the following spells:

 Spells                   Type           Power      Damage    Failure   Level
 Magic Dart               Conj           0%         1d3       32%         1
 Blink                    Tloc           0%         N/A       45%         2
 Call Imp                 Summ           0%         N/A       45%         2
 Corpse Rot               Necr/Air       0%         N/A       45%         2
 Searing Ray              Conj           0%         2d4       45%         2
 Frozen Ramparts          Ice            0%         1d2       69%         3
 Mephitic Cloud           Conj/Pois/Air  0%         N/A       69%         3
 Stone Arrow              Conj/Erth      0%         3d7       69%         3
 Animate Armour           Summ/Erth      0%         N/A       97%         4
 Fulminant Prism          Conj/Hex       0%         3d6       97%         4
 Ice Form                 Ice/Tmut       0%         N/A       97%         4
 Summon Ice Beast         Ice/Summ       0%         N/A       97%         4
 Agony                    Necr           0%         N/A       100%        5
 Manifold Assault         Tloc           0%         N/A       100%        5
 Storm Form               Tmut/Air       0%         N/A       100%        7
 Lehudib's Crystal Spear  Conj/Erth      0%         10d2      100%        8


Dungeon Overview and Level Annotations

Branches:
Dungeon (8/15)             Temple (1/1) D:6
   Lair: D:8-11

Altars:
Ashenzari
Cheibriados
Dithmenos
Elyvilon
Fedhas
Gozag
Hepliaklqana
Kikubaaqudgha
Makhleb
Nemelex Xobeh
Okawaru
Qazlal
Ru
Sif Muna
Trog
Uskayaw
Vehumet
Wu Jian
Xom
Yredelemnul
Zin
The Shining One


Innate Abilities, Weirdness & Mutations

You are a tree.
Your roots penetrate the ground, keeping you stationary.
You cannot be teleported.
You are immune to unholy pain and torment.
Your maximum health is greatly increased.
Your equipment is partially melded.
You are small and have problems with some larger weapons.
You are completely attuned to the shadows.


Message History

The centaur warrior completely misses you.
You closely miss the centaur warrior.
The centaur warrior is moderately wounded.
It was a potion of lignification.
You turn into a tree.
Your +0 cloak melds into your body.
Your +0 helmet melds into your body.
Your +1 pair of boots melds into your body.
Your +0 robe melds into your body.
Your roots penetrate the ground.
The centaur warrior hits you but does no damage.
The centaur warrior kicks you but does no damage.
The centaur warrior hits you!
* * * LOW HITPOINT WARNING * * *
The centaur warrior kicks you but does no damage.
You hit the centaur warrior.
The centaur warrior is moderately wounded.
The centaur warrior hits you but does no damage.
The centaur warrior kicks you but does no damage.
You puncture the centaur warrior!
The centaur warrior is heavily wounded.
You hit the centaur warrior.
The centaur warrior is heavily wounded.
The centaur warrior hits you.
* * * LOW HITPOINT WARNING * * *
The centaur warrior kicks you but does no damage.
You barely miss the centaur warrior.
The centaur warrior is heavily wounded.
The centaur warrior hits you but does no damage.
The centaur warrior kicks you but does no damage.
You hit the centaur warrior but do no damage.
The centaur warrior is heavily wounded.
The centaur warrior hits you!
* * * LOW HITPOINT WARNING * * *
The centaur warrior kicks you.
* * * LOW HITPOINT WARNING * * *
You puncture the centaur warrior!
The centaur warrior is severely wounded.
It was a potion of invisibility.
You fade into invisibility!
The centaur warrior hits you!
You die...
Your body crumbles into a pile of gold.

$ $ ## ...###
#....####
#..#.♣c.#
.######.#....#
......#...####
#####.[..##
##...# ##[#.#
#....#
####.#....
#..<.###.#


You could see a centaur warrior (can't see you).

Vanquished Creatures
  A hornet (D:7)
  Sigmund (D:2)
  2 steam dragons
  A water moccasin (D:7)
  A black bear (D:7)
  An ice beast (D:3)
  An orc warrior (D:7)
  A sky beast (D:7)
  An ogre (D:5)
  2 centaurs
  Blork the orc (D:6)
  A bullfrog (D:7)
  5 scorpions
  A gnoll sergeant (D:4)
  A necrophage (D:7)
  6 wights
  2 hounds
  2 orc priests
  2 iguanas
  2 orc wizards
  11 gnolls
  8 adders
  A shadow imp (D:5)
  An ufetubus (D:5)
  A dart slug (D:3)
  22 orcs
  9 ball pythons
  7 endoplasms
  7 giant cockroaches
  5 goblins
  4 hobgoblins
  2 jackals (D:3)
  3 kobolds
  5 quokkas
  4 bats
  5 frilled lizards
  7 rats
137 creatures vanquished.

Notes
Turn   | Place    | Note
-------+----------+-------------------------------------------
     0 | D:1      | holysushi the Kobold Monk began the quest for the Orb.
     0 | D:1      | Reached XP level 1. HP: 14/14 MP: 1/1
   289 | D:1      | Reached XP level 2. HP: 18/19 MP: 2/2
   734 | D:1      | Reached XP level 3. HP: 24/24 MP: 3/3
   806 | D:1      | Reached skill level 5 in Short Blades
  1057 | D:2      | Noticed Sigmund
  1068 | D:2      | Killed Sigmund
  1069 | D:2      | Reached XP level 4. HP: 4/30 MP: 4/4
  1069 | D:2      | Reached XP level 5. HP: 4/34 MP: 5/5
  1631 | D:2      | Found a faded altar of an unknown god.
  1704 | D:2      | Reached XP level 6. HP: 36/39 MP: 6/6
  2904 | D:3      | Noticed an ice beast
  2920 | D:3      | Killed an ice beast
  2921 | D:3      | Reached skill level 5 in Fighting
  3293 | D:3      | Found a shimmering blue altar of Sif Muna.
  3299 | D:3      | Found a hide-covered altar of Uskayaw.
  3572 | D:4      | Reached skill level 5 in Dodging
  3572 | D:4      | Reached XP level 7. HP: 38/44 MP: 7/7
  3805 | D:4      | Found an ornate altar of the Wu Jian Council.
  5226 | D:4      | Found an ornate altar of the Wu Jian Council.
  5615 | D:5      | Entered Level 5 of the Dungeon
  5738 | D:5      | Reached XP level 8. HP: 51/51 MP: 8/8
  6116 | D:5      | Found a sacrificial altar of Ru.
  7019 | D:6      | Reached skill level 5 in Stealth
  7353 | D:6      | Reached XP level 9. HP: 56/56 MP: 9/9
  7565 | D:6      | Found a staircase to the Ecumenical Temple.
  7653 | D:6      | Noticed Blork the orc
  7704 | Temple   | Entered the Ecumenical Temple
  7955 | Temple   | Became a worshipper of Gozag Ym Sagoz the Greedy
  8061 | D:6      | Killed Blork the orc
  8471 | D:7      | Got the Volume of Stolen Souls
  8492 | D:7      | Noticed a hornet
  8496 | D:7      | Killed a hornet
  9117 | D:7      | Found a snail-covered altar of Cheibriados.
  9117 | D:7      | Found a shadowy altar of Dithmenos.
  9217 | D:6      | Reached skill level 10 in Short Blades
  9217 | D:6      | Reached skill level 10 in Dodging
  9596 | D:7      | Found a snail-covered altar of Cheibriados.
  9596 | D:7      | Found a shadowy altar of Dithmenos.
 10008 | D:8      | Noticed a centaur warrior
 10026 | D:8      | Mangled by a centaur warrior

Illustrated notes

Levels and vault maps discovered:
D:1:      minmay_arrival_three_doors, layout_basic
D:2:      layout_loops_cross, shapermc_ecumenical_altar_hornbeckon,
          minmay_domino_2, uniq_sigmund
D:3:      layout_basic, amethyst_overflow_temple_binary
D:4:      layout_cave_pods, mainiacjoe_overflow_concentric_impassable,
          kennysheep_donut, grunt_tough_drop
D:5:      layout_rooms, nicolae_ru_the_path_less_chosen, grunt_ministairs_15
D:6:      layout_basic, minmay_temple_entry_trees, uniq_blork_the_orc
D:7:      layout_cave_pools, gammafunk_temple_overflow_elements,
          minmay_tree_intersection, minmay_crystal_water
D:8:      layout_rooms
Temple:   eino_temple_rhombus

Skill      XL: |  1  2  3  4  5  6  7  8  9 |
---------------+----------------------------+-----
Short Blades   | 6 7 8 10 | 10.0
Fighting       | 4 5 6 7 |  7.7
Dodging        | 5 6 7 10 | 10.1
Stealth        | 3 5 6 |  6.3

Action                   |  1- 3 |  4- 6 |  7- 9 || total
-------------------------+-------+-------+-------++-------
Melee: Short sword       |    53 |    58 |       ||   111
       Dagger            |       |    36 |   331 ||   367
       Punch             |       |       |     3 ||     3
  Use: Potion            |       |       |     2 ||     2
 Stab: Sleeping          |     6 |    10 |    23 ||    39
       Distracted        |       |     1 |     3 ||     4
Armor: Robe              |     2 |    11 |    22 ||    35
       Skin              |       |       |     8 ||     8
Dodge: Dodged            |    31 |    49 |   210 ||   290

Table legend: (Time is in decaauts)
 A = Elapsed time spent in this place.
 B = Non-inter-level travel time spent in this place.
 C = Inter-level travel time spent in this place.
 D = Time resting spent in this place.
 E = Time spent auto-exploring this place.
 F = Levels seen in this place.
 G = Mean time per level.
                   A        B        C        D        E       F      G
               +--------+--------+--------+--------+--------+-----+--------+
         Total |   9869 |   9484 |    385 |   2049 |   6005 |   9 | 1096.6 |
       Dungeon |   9601 |   9232 |    369 |   2049 |   5820 |   8 | 1200.1 |
        Temple |    267 |    251 |     16 |      0 |    185 |   1 |  267.0 |
               +--------+--------+--------+--------+--------+-----+--------+

Top non-repeatable levels by time:
     D:4: 2134 daAuts
     D:3: 1692 daAuts
     D:6: 1405 daAuts
     D:7: 1294 daAuts
     D:2: 1119 daAuts
     D:1: 1033 daAuts
     D:5: 896 daAuts
  Temple: 267 daAuts
     D:8: 24 daAuts
